 Dungeon Crawl Stone Soup version 0.20.1-1-g8b1a95d (webtiles) character file.

52 tidbits the Insei (level 3, -2/27 HPs)
             Began as a Demigod Transmuter on Aug 18, 2017.
             Slain by an orc priest (4 damage)
             ... on level 3 of the Dungeon.
             The game lasted 00:08:32 (1082 turns).

tidbits the Insei (Demigod Transmuter)              Turns: 1082, Time: 00:08:33

Health: -2/27      AC:  5    Str: 13    XL:     3   Next: 39%
Magic:  8/8        EV: 12    Int: 19    God:
Gold:   84         SH:  0    Dex: 16    Spells: 0/6 levels left

rFire    . . .     SeeInvis .     - Unarmed
rCold    . . .     Gourm    .   (no shield)
rNeg     . . .     Faith    .   b - +0 robe
rPois    .         Spirit   .   E - +1 helmet
rElec    .         Reflect  .   (no cloak)
rCorr    +         Harm     .   G - +0 pair of gloves
MR       .....                  (no boots)
Stlth    +.........             (no amulet)
Regen    0.1/turn               K - ring of resist corrosion
MPRegen  0.2/turn               (no ring)

@: no status effects
A: high mp 1
a: no special abilities


You were on level 3 of the Dungeon.
You were hungry.

You visited 1 branch of the dungeon, and saw 3 of its levels.

You collected 84 gold pieces.

Inventory:

Missiles
 a - 10 arrows
 g - 46 stones (quivered)
Armour
 b - a +0 robe (worn)
 E - a +1 helmet (worn)
 G - a +0 pair of gloves (worn)
Jewellery
 K - a ring of resist corrosion (left hand)
   (You found it on level 1 of the Dungeon)
Scrolls
 e - a scroll of enchant weapon {unknown}
 h - 3 scrolls of remove curse {unknown}
 l - a scroll of teleportation {unknown}
 m - a scroll of immolation {unknown}
Potions
 j - a potion of curing {unknown}
 k - 2 potions of lignification {unknown}
 n - a potion of brilliance {unknown}
 o - a potion of mutation {unknown}
Books
 c - a book of Changes

   Spells                             Type                      Level
   a - Beastly Appendage              Transmutation                1
   b - Sticks to Snakes               Transmutation                2
   c - Spider Form                    Transmutation/Poison         3
   d - Ice Form                       Ice/Transmutation            4
   e - Blade Hands                    Transmutation                5
Comestibles
 d - 2 bread rations
 f - a meat ration
 i - a royal jelly


   Skills:
 - Level 0.8 Fighting
 - Level 1.7 Dodging
 - Level 3.9 Unarmed Combat
 - Level 2.2 Spellcasting
 + Level 1.7 Transmutations


You couldn't memorise any spells.
You knew the following spells:

 Your Spells              Type           Power        Failure   Level  Hunger
e - Beastly Appendage     Tmut           #.....       8%          1    #......
k - Sticks to Snakes      Tmut           #.......     12%         2    ##.....
p - Spider Form           Tmut/Pois      #.........   34%         3    ###....


Dungeon Overview and Level Annotations

Branches:
Dungeon (3/15)


Innate Abilities, Weirdness & Mutations

You have an increased reservoir of magic. (+10% MP)


Message History

Anything else - Cancel.
Gang up on whom?
Press: ? - help, Dir - move target cursor, f - gnoll
Aim: a gnoll (heavily wounded) Attack!
The gnoll completely misses your adder.
Your adder bites the gnoll.
The gnoll closely misses your adder.
Your adder completely misses the gnoll.
The gnoll completely misses your adder.
Your adder barely misses the gnoll.
The gnoll barely misses your adder.
An orc comes into view.
The gnoll closely misses your adder.
Your adder barely misses the gnoll.
The gnoll hits your adder with a halberd.
The gnoll barely misses your adder.
Your adder bites the gnoll.
Your adder bites the gnoll but does no damage.
The orc wizard casts a spell.
The orc wizard flickers and vanishes!
Deactivating autopickup; reactivate with Ctrl-A.
The gnoll barely misses your adder. The gnoll closely misses your adder.
Your adder barely misses the gnoll.
Your talons disappear.
The gnoll hits your adder. The gnoll barely misses your adder.
Your adder bites the gnoll but does no damage.
The gnoll hits your adder but does no damage.
Your adder bites the gnoll.
The gnoll dies!
The gnoll misses your adder.
You climb upwards.
Your summoned ally is left behind.
There is a stone staircase leading down here.
Your magical contamination has completely faded away.
There is a stone staircase leading up here.
You see here a stone.
Found a hand axe. 2 goblins come into view.
The goblin shouts!
Found 11 gold pieces.
A giant cockroach comes into view.
Casting: Sticks to Snakes
Confirm with . or Enter, or press ? or * to list all spells.
Your feet morph into talons.
The goblin shouts!
Casting: Beastly Appendage
Confirm with . or Enter, or press ? or * to list all spells.
You miscast Sticks to Snakes.
You are very lightly contaminated with residual magic.
Waves of light ripple over your body.
You are feeling hungry.
The goblin barely misses you.
You hit the goblin.
The goblin is moderately wounded.
You barely miss the goblin. Your punch misses the goblin.
The goblin is moderately wounded.
You closely miss the giant cockroach. Your kick misses the giant cockroach.
Your transformation is almost over.
The giant cockroach barely misses you. x2
You hit the giant cockroach.
The giant cockroach is heavily wounded.
The giant cockroach bites you but does no damage.
You hit the giant cockroach.
You kill the giant cockroach!
You hit the goblin.
You kill the goblin!
You closely miss the goblin.
The goblin is moderately wounded.
The goblin hits you but does no damage.
You closely miss the goblin.
The goblin is moderately wounded.
The goblin hits you but does no damage.
You miss the goblin. Your kick misses the goblin. You punch the goblin.
The goblin is severely wounded.
The goblin closely misses you.
You closely miss the goblin. You claw the goblin.
You kill the goblin!
Memorise Spider Form, consuming 3 spell levels and leaving 0?
You start memorising the spell.
You continue memorising.
Your talons disappear.
You continue memorising. x2
You finish memorising.
Spell assigned to 'p'.
Okay, then.
Your magical contamination has completely faded away.
You see here 11 gold pieces.
You see here 11 gold pieces.
You now have 84 gold pieces (gained 11).
Autopickup is now on.
There is a stone staircase leading down here.
You climb downwards.
An orc and an orc priest come into view.
There is a stone staircase leading up here.
The orc priest shouts!
The orc priest casts a cantrip, but nothing happens.
Found a plate armour.
A goblin comes into view. It is wielding a dagger.
The orc hits you with a flail. The orc priest barely misses you.
There is a stone staircase leading up here.
The goblin shouts!
The orc barely misses you.
The orc priest invokes the aid of Beogh against you.
Beogh smites you!
Ouch! That really hurt!
* * * LOW HITPOINT WARNING * * *
The orc priest hits you.
You die...

### ..##. #....
#...# ##...#
###....#
#......###.###.
#...o..g.....[
###.o.@#####.##
.#..#o## #.#.#o
#o#... #.#o#.
#.#g## #..o#
##.)# #gg###.##


You could see 2 orc priests, an orc wizard, a gnoll, 2 orcs and a goblin.

Vanquished Creatures
  2 worms (D:2)
  A dart slug (D:2)
  A giant cockroach (D:2)
  8 goblins
  5 hobgoblins
  5 kobolds
  A bat (D:2)
  2 frilled lizards
  7 rats
32 creatures vanquished.

Vanquished Creatures (collateral kills)
  2 gnolls (D:3)
  A hobgoblin (D:1)
3 creatures vanquished.

Grand Total: 35 creatures vanquished

Notes
Turn   | Place    | Note
-------+----------+-------------------------------------------
     0 | D:1      | tidbits the Demigod Transmuter began the quest for the Orb.
     0 | D:1      | Reached XP level 1. HP: 15/15 MP: 5/5
   135 | D:1      | Reached skill level 3 in Unarmed Combat
   265 | D:1      | Reached XP level 2. HP: 9/22 MP: 5/7
   270 | D:1      | Learned a level 2 spell: Sticks to Snakes
   597 | D:2      | Found a glowing silver altar of Zin.
   744 | D:2      | Found a shattered altar of Ashenzari.
   748 | D:2      | Saw a vision of the Shoals and the Snake Pit.
   748 | D:2      | Noticed a naga
   748 | D:2      | Noticed a naga mage
   748 | D:2      | Noticed a shock serpent
   748 | D:2      | Noticed a black mamba
   748 | D:2      | Noticed a merfolk
   748 | D:2      | Noticed a merfolk siren
   748 | D:2      | Noticed a merfolk
   748 | D:2      | Noticed a merfolk siren
   748 | D:2      | Noticed a merfolk
   748 | D:2      | Noticed a merfolk
   748 | D:2      | Noticed a merfolk siren
   748 | D:2      | Noticed a merfolk
   749 | D:2      | Noticed a merfolk
   793 | D:2      | Reached XP level 3. HP: 17/27 MP: 6/8
   823 | D:2      | Found an opulent altar of Gozag.
   971 | D:3      | Reached skill level 2 in Spellcasting
  1022 | D:2      | Learned a level 3 spell: Spider Form
  1082 | D:3      | HP: 2/27 [orc priest/divine providence (14)]
  1082 | D:3      | Slain by an orc priest

Skill      XL: |  1  2  3 |
---------------+----------+-----
Unarmed Combat | 3 |  3.9
Spellcasting   | 2 |  2.2
Fighting       | |  0.8
Dodging        | |  1.7
Transmutations | |  1.7

Action                   || total
-------------------------++-------
Melee: Unarmed           ||    83
       Headbutt          ||     6
       Kick              ||     5
       Punch             ||     1
 Cast: Beastly Appendage ||    19
       Sticks to Snakes  ||     9
  Eat: Chunk             ||     1
Armor: Robe              ||    13
Dodge: Dodged            ||    43

Table legend:
 A = Turns spent in this place as a percentage of turns spent in the entire game.
 B = Non-inter-level travel turns spent in this place as a percentage of non-inter-level travel turns spent in the entire game.
 C = Inter-level travel turns spent in this place as a percentage of turns spent in this place.
 D = Turns resting spent in this place as a percentage of non-inter-level travel turns spent in this place.
 E = Turns spent auto-exploring this place as a percentage of non-inter-level travel turns spent in this place.
 F = Non-inter-level travel turns spent in this place divided by the number of levels of this place that you've seen.
                   A       B       C       D       E      F
               +-------+-------+-------+-------+-------+----------------------
         Total | 100.0 | 100.0 |   0.3 |   0.0 |   0.0 | 327.3
       Dungeon | 100.0 | 100.0 |   0.3 |   0.0 |   0.0 | 327.3
               +-------+-------+-------+-------+-------+----------------------

Table legend:
 A = Kills in this place as a percentage of kills in entire the game.
 B = Kills by you in this place as a percentage of kills by you in the entire game.
 C = Kills by friends in this place as a percentage of kills by friends in the entire game.
 D = Other kills in this place as a percentage of other kills in the entire game.
 E = Experience gained in this place as a percentage of experience gained in the entire game.
 F = Experience gained in this place divided by the number of levels of this place that you have seen.
                   A       B       C       D       E      F
               +-------+-------+-------+-------+-------+----------------------
         Total | 100.0 | 100.0 | 100.0 |  -nan | 100.0 |  25.0
       Dungeon | 100.0 | 100.0 | 100.0 |  -nan | 100.0 |  25.0
               +-------+-------+-------+-------+-------+----------------------

Vault maps used:
D:1:      matt_arrival_spirals, kennysheep_boxes
D:2:      zin_scriptorium, grunt_gozag_statues, serial_forest,
          infiniplex_forest_lined_3_way, infiniplex_forest_clump_curved,
          infiniplex_forest_split, infiniplex_forest_lined_1,
          infiniplex_forest_lined_3, infiniplex_forest_end_3,
          grunt_ashenzari_visionary
D:3:      lemuel_round_altar, lemuel_doored_altar, hangedman_decor_push,
          uniq_grinder, uniq_robin
